 Dungeon Crawl Stone Soup version 0.31-a0-102-g33a4ccc0cb (webtiles) character file.

Game seed: 6938961644921729897

49 Esekla the Sneak (level 3, 26/26 HPs)
             Began as an Octopode Delver on May 26, 2023.
             Quit the game on level 5 of the Dungeon.
             The game lasted 00:02:11 (287 turns).

Esekla the Sneak (Octopode Delver)                   Turns: 287, Time: 00:02:12

Health: 26/26      AC:  1    Str: 11    XL:     3   Next: 75%
Magic:  4/4        EV: 13    Int: 14    God:
Gold:   41         SH:  0    Dex: 13    Spells: 3/3 levels left

rFire   . . .        a - +0 falchion
rCold   . . .        (no shield)
rNeg    . . .        (helmet restricted)
rPois   .            (no amulet)
rElec   .            h - ring of see invisible
rCorr   .            (no ring)
SInv    +            (no ring)
Will    .....        (no ring)
Stlth   ++++         (no ring)
HPRegen 0.24/turn    (no ring)
MPRegen 0.09/turn    (no ring)
                     (no ring)

%: no passive effects
@: no status effects
A: almost no armour, amphibious, 8 rings, camouflage 1, gelatinous body 1,
(nimble swimmer 1), tentacles
a: no special abilities


You were on level 5 of the Dungeon.
You visited 1 branch of the dungeon, and saw 1 of its levels.

You collected 41 gold pieces.

Inventory:

Hand Weapons
 a - a +0 falchion (weapon)
Jewellery
 h - a ring of see invisible (left tentacle)
Wands
 f - a wand of digging (3)
Scrolls
 b - a scroll of fog
 d - a scroll of fear
 g - 3 scrolls of identify {unknown}
 i - a scroll of immolation {unknown}
Potions
 c - a potion of degeneration {unknown}
 e - a potion of haste


   Skills:
 * Level 3.3 Fighting
 * Level 2.4 Long Blades
 * Level 2.2 Dodging
 + Level 7.3 Stealth
 * Level 0.8 Spellcasting


You had 3 spell levels left.
You didn't know any spells.
Your spell library contained the following spells:

 Spells                   Type           Power      Damage    Failure   Level
 Passwall                 Tmut/Erth      0%         N/A       38%         2
 Stone Arrow              Conj/Erth      0%         3d7       63%         3
 Lehudib's Crystal Spear  Conj/Erth      0%         10d2      100%        8
 Animate Armour           Summ/Erth      Unusable   N/A       N/A         4

Dungeon Overview and Level Annotations

Branches:
Dungeon (5/15)
 Temple: D:4-7

Altars:

Shops:
D:5 *


Innate Abilities, Weirdness & Mutations

You cannot wear most types of armour.
You are amphibious.
You can wear up to eight rings at the same time.
Your skin changes colour to match your surroundings (Stealth+).
Your rubbery body absorbs attacks. (AC +1, EV +1)
((You are camouflaged when in or above water. (Stealth+)))
You have tentacles for arms and can constrict up to eight enemies at once.


Message History

The sleepcap is moderately damaged.
You constrict the sleepcap. The sleepcap releases spores at you.
The sleepcap misses you.
You hit the sleepcap.
The sleepcap is moderately damaged.
You constrict the sleepcap. The sleepcap misses you.
You hit the sleepcap.
The sleepcap is severely damaged.
You constrict the sleepcap. The sleepcap barely misses you.
You hit the sleepcap.
You tentacle-slap the sleepcap, but do no damage.
You squeeze the sleepcap.
You destroy the sleepcap!
You have reached level 3!
Your experience leads to an increase in your attributes!
Increase (S)trength, (I)ntelligence, or (D)exterity?
You feel clever. x2
Found a stone staircase leading down.
Found a tubular ruby ring.
The orc hits you with a +0 club.
You barely miss the orc. You grab the orc. You tentacle-slap the orc.
You squeeze the orc.
You kill the orc!
c - a green potion
There is a stone staircase leading down here.
h - a ring of see invisible
h - a ring of see invisible (left tentacle)
Found 2 gold pieces.
g - 3 scrolls labelled ZYSAED UFARHOI (gained 2)
Found a flail.
You now have 2 gold pieces.
Found a scroll labelled WUMPOI YPNANATS.
i - a scroll labelled WUMPOI YPNANATS An adder comes into view.
Found 17 gold pieces.
Found 22 gold pieces.
Found Iiugrait's Incredible Inventory.
You now have 19 gold pieces (gained 17).
You now have 41 gold pieces (gained 22).
There is an entrance to Iiugrait's Incredible Inventory here.
You can access your shopping list by pressing '$'.
Are you sure you want to abandon this character and quit the game? (Confirm with "yes".)

**##### **,.....
*,,O....
#######*##*#......
##...#.##.##.......
##......#....,...###
#............,,#.#.<
#..@....#,,#..##....
#......##**#..###...
##......####.......)
###................
***
#..#.#...........
***,**
####.#...........
**,,,,**
#..............
*,,,,,,******
##........>....
***,,,,,***,*,***
#.............


There were no monsters in sight!

Vanquished Creatures
  A sleepcap (D:5)
  An adder (D:5)
  An ufetubus (D:5)
  An orc (D:5)
  3 jackals (D:5)
  A quokka (D:5)
8 creatures vanquished.

Notes
Turn   | Place    | Note
-------+----------+-------------------------------------------
     0 | D:5      | Esekla the Octopode Delver began the quest for the Orb.
     0 | D:5      | Reached XP level 1. HP: 16/16 MP: 1/1
    46 | D:5      | Reached XP level 2. HP: 10/21 MP: 2/2
   121 | D:5      | Noticed an ogre
   131 | D:5      | Reached skill level 7 in Stealth
   195 | D:5      | Got the Tome of Scree
   207 | D:5      | Reached XP level 3. HP: 24/26 MP: 2/4
   277 | D:5      | Found Iiugrait's Incredible Inventory.
   287 | D:5      | Quit the game

Illustrated notes

Levels and vault maps discovered:
D:5:      layout_cave_pools, nicolae_alphabet_shops, kennysheep_generic_room_2

Skill      XL: |  1  2 |
---------------+-------+-----
Stealth        | 7 |  7.3
Fighting       | |  3.3
Long Blades    | |  2.4
Dodging        | |  2.2
Spellcasting   | |  0.8

Action                     || total
---------------------------++-------
  Melee: Falchion          ||    19
         Constrict         ||     6
         Tentacles         ||     6
         Punch             ||     2
    Use: Scroll            ||     1
 Armour: Skin              ||     2
  Dodge: Dodged            ||    16

Table legend: (Time is in decaauts)
 A = Elapsed time spent in this place.
 B = Non-inter-level travel time spent in this place.
 C = Inter-level travel time spent in this place.
 D = Time resting spent in this place.
 E = Time spent auto-exploring this place.
 F = Levels seen in this place.
 G = Mean time per level.
                   A        B        C        D        E       F      G
               +--------+--------+--------+--------+--------+-----+--------+
         Total |    290 |    290 |      0 |    102 |      0 |   1 |  290.0 |
       Dungeon |    290 |    290 |      0 |    102 |      0 |   1 |  290.0 |
               +--------+--------+--------+--------+--------+-----+--------+

Top non-repeatable levels by time:
     D:5: 290 daAuts
